 Dungeon Crawl Stone Soup version 0.20-a0-751-g905781e (webtiles) character file.

1458 Minion the Ruffian (level 8, -7/76 HPs)
             Began as a Troll Monk on Feb 25, 2017.
             Killed by divine providence
             ... invoked by an orc priest
              (14 damage)
             ... on level 6 of the Dungeon.
             The game lasted 00:07:50 (4524 turns).

Minion the Ruffian (Troll Monk)                     Turns: 4524, Time: 00:07:51

Health: -7/76      AC:  5    Str: 20    XL:     8   Next: 47%
Magic:  7/7        EV: 11    Int:  6    God:
Gold:   263        SH:  0    Dex: 14    Spells: 7/7 levels left

rFire    . . .     SeeInvis .   y - +4 Vampire's Tooth {vamp}
rCold    . . .     Gourm    +   a - +0 robe
rNeg     . . .     Faith    +   (no shield)
rPois    .         Spirit   .   (helmet restricted)
rElec    .         Reflect  .   (no cloak)
rCorr    .         Harm     .   (gloves unavailable)
MR       .....                  (boots unavailable)
Stlth    ++........             t - amulet of faith
Regen    0.7/turn               (no ring)
MPRegen  0.1/turn               (no ring)

@: lethally poisoned (-7 -> -8)
A: unfitting armour, claws 3, fast metabolism 3, gourmand, regeneration 1,
shaggy fur 1, tough skin 2
a: no special abilities


You were on level 6 of the Dungeon.
You were full.

You visited 1 branch of the dungeon, and saw 6 of its levels.

You collected 263 gold pieces.

Inventory:

Hand Weapons
 y - the +4 Vampire's Tooth (weapon) {vamp}
   (You found it on level 5 of the Dungeon)

   It inflicts no extra harm, but heals its wielder when it wounds a living foe.
Armour
 a - a +0 robe (worn)
Jewellery
 t - an amulet of faith (around neck)
Wands
 i - a wand of polymorph (16/24)
Scrolls
 c - 2 scrolls of remove curse
 f - 4 scrolls of identify
 h - a scroll of random uselessness {unknown}
 j - 5 scrolls of fog
 l - a scroll of enchant armour {unknown}
 n - a scroll of amnesia {unknown}
 o - 4 scrolls of immolation {unknown}
 p - 2 scrolls of fear {unknown}
 u - a scroll of magic mapping {unknown}
 w - a scroll of teleportation {unknown}
 z - a scroll of enchant weapon {unknown}
 A - a scroll of blinking {unknown}
Potions
 e - 3 potions of heal wounds
 g - 2 potions of lignification {unknown}
 m - 2 potions of flight {unknown}
 q - 3 potions of curing
 r - a potion of mutation {unknown}
 s - a potion of invisibility {unknown}
 v - a potion of brilliance {unknown}
 x - a potion of haste {unknown}
Comestibles
 b - 7 bread rations
 d - 4 meat rations
 k - 2 royal jellies


   Skills:
 - Level 3.6 Fighting
 + Level 4.8 Short Blades
 - Level 3.6 Dodging
 - Level 1.0 Stealth
 - Level 7.9 Unarmed Combat


You had 7 spell levels left.
You didn't know any spells.

Dungeon Overview and Level Annotations

Branches:
Dungeon (6/15)
 Temple: D:4-7

Altars:
Elyvilon
Hepliaklqana
Okawaru
Uskayaw
Vehumet
Wu Jian
Yredelemnul

Annotations:
D:4 1 runed door


Innate Abilities, Weirdness & Mutations

You are too large for most types of armour.
You have claws for hands.
Your metabolism is lightning-fast.
You like to eat raw meat.
Your natural rate of healing is unusually fast.
You are covered in fur. (AC +1)
You have very tough skin. (AC +2)


Message History

You closely miss the bullfrog. Your claw misses the bullfrog.
The bullfrog is heavily wounded.
The bullfrog misses you.
You feel sick. The bullfrog barely misses you.
Things that are here:
a dagger; an orc corpse You hit the bullfrog.
You feel better.
The bullfrog is heavily wounded.
The bullfrog completely misses you.
An orc wizard comes into view. It is wielding a dagger.
You feel sick. The bullfrog hits you!
* * * LOW HITPOINT WARNING * * *
You feel sick. The bullfrog closely misses you.
You barely miss the bullfrog.
The bullfrog is heavily wounded.
The bullfrog hits you.
* * * LOW HITPOINT WARNING * * *
The orc priest calls down the wrath of Beogh upon you.
Beogh smites you!
You die...

###################
................@.#
#################F#
.. #.# #. #o#
#.##o# #..#.#....#
#....oo...#
####.####.# o. #.#


You could see a bullfrog and 2 orc priests.

Vanquished Creatures
  The ghost of mora the Thaumaturge, a novice DECj (D:6)
  Eustachio (D:4)
  3 ogres
  A scorpion (D:6)
  2 vampire bats (D:5)
  2 crimson imps (D:5)
  A centaur zombie (D:5)
  2 orc wizards
  4 orc priests
  2 jellies
  Natasha (D:2)
  3 worker ants (D:4)
  Robin (D:3)
  7 adders
  A shadow imp (D:6)
  An ooze (D:2)
  An adder zombie (D:5)
  3 adder skeletons (D:4)
  A worm (D:3)
  A dart slug (D:1)
  5 leopard geckos
  14 orcs
  5 giant cockroaches
  9 hobgoblins
  2 jackals (D:5)
  A quokka (D:3)
  2 ball pythons
  15 bats
  4 frilled lizards
  14 goblins
  4 kobolds
  A leopard gecko skeleton (D:4)
  10 rats
125 creatures vanquished.

Notes
Turn   | Place    | Note
-------+----------+-------------------------------------------
     0 | D:1      | Minion the Troll Monk began the quest for the Orb.
     0 | D:1      | Reached XP level 1. HP: 22/22 MP: 0/0
   176 | D:1      | Reached XP level 2. HP: 27/29 MP: 1/1
   618 | D:1      | Reached skill level 4 in Unarmed Combat
  1023 | D:2      | Reached XP level 3. HP: 36/36 MP: 2/2
  1529 | D:2      | Noticed Natasha
  1540 | D:2      | Killed Natasha
  1540 | D:2      | Reached skill level 5 in Unarmed Combat
  1540 | D:2      | Reached XP level 4. HP: 34/44 MP: 3/3
  1725 | D:3      | Reached XP level 5. HP: 15/50 MP: 4/4
  1728 | D:3      | Reached skill level 6 in Unarmed Combat
  2149 | D:3      | Found an ornate altar of the Wu Jian Council.
  2150 | D:3      | Found a basalt altar of Yredelemnul.
  2160 | D:3      | Found an iron altar of Okawaru.
  2161 | D:3      | Noticed Robin
  2161 | D:3      | Noticed an ogre
  2161 | D:3      | Found a hide-covered altar of Uskayaw.
  2161 | D:3      | Found a white marble altar of Elyvilon.
  2303 | D:3      | Killed Robin
  2493 | D:3      | Killed an ogre
  2493 | D:3      | Reached skill level 7 in Unarmed Combat
  2493 | D:3      | Reached XP level 6. HP: 58/59 MP: 5/5
  2698 | D:4      | Found a hazy altar of Hepliaklqana.
  2870 | D:4      | Reached XP level 7. HP: 50/66 MP: 6/6
  2961 | D:4      | Noticed Eustachio
  2966 | D:4      | Killed Eustachio
  3042 | D:4      | Found a runed door.
  3265 | D:5      | Entered Level 5 of the Dungeon
  3444 | D:5      | Found a white marble altar of Elyvilon.
  3483 | D:5      | Found a radiant altar of Vehumet.
  3624 | D:5      | Reached skill level 1 in Short Blades
  3861 | D:5      | Reached XP level 8. HP: 73/76 MP: 7/7
  4142 | D:6      | Noticed mora's ghost (novice DECj)
  4507 | D:6      | Killed mora's ghost
  4524 | D:6      | Killed from afar by an orc priest

Vault maps used:
D:1:      nicolae_arrival_washed_ashore, minmay_misc_feat_nine_boxes,
          hangedman_decor_clover_reticule, nrook_mini_backslash
D:2:      uniq_natasha
D:3:      grunt_temple_overflow_open, first_bread, minivault_25, uniq_robin
D:4:      lemuel_round_altar, hangedman_decor_opposing, uniq_eustachio,
          uniq_crazy_yiuf_cottage
D:5:      fiery_altar_vehumet, basic_altar, minmay_guarded_unrand_vampires_tooth
D:6:      minmay_cornered_nines, uniq_duvessa, uniq_menkaure

Skill      XL: |  1  2  3  4  5  6  7  8 |
---------------+-------------------------+-----
Unarmed Combat | 4 5 7 |  7.9
Fighting       | 3 |  3.6
Dodging        | 3 |  3.6
Short Blades   | 2 4 |  4.8
Stealth        | |  1.0

Action                   |  1- 3 |  4- 6 |  7- 9 || total
-------------------------+-------+-------+-------++-------
Melee: Unarmed           |    87 |   151 |    41 ||   279
       Punch             |     1 |     4 |     5 ||    10
       Dagger            |       |       |   190 ||   190
  Use: Scroll            |       |     3 |       ||     3
 Stab: Sleeping          |     7 |     3 |     3 ||    13
  Eat: Chunk             |    19 |    13 |    17 ||    49
Armor: Robe              |    21 |    75 |    51 ||   147
Dodge: Dodged            |    34 |    76 |   100 ||   210
